 Dungeon Crawl Stone Soup version 0.28.0-45-g0d030f2227 (webtiles) character file.

Game seed: 376282304192332556

118 Peloso the Covered (level 4, -1/40 HPs)
             Began as a Minotaur Fighter on Apr 9, 2022.
             Killed by divine providence
             ... invoked by an orc priest
              (15 damage)
             ... on level 3 of the Dungeon.
             The game lasted 00:03:27 (1452 turns).

Peloso the Covered (Minotaur Fighter)               Turns: 1452, Time: 00:03:28

Health: -1/40      AC:  7    Str: 20    XL:     4   Next: 72%
Magic:  3/3        EV:  9    Int:  5    God:
Gold:   89         SH:  5    Dex: 12    Spells: 3/3 levels left

rFire   . . .      SeeInvis .   a - +0 long sword
rCold   . . .      Faith    .   c - +0 buckler
rNeg    . . .      Spirit   .   b - +0 scale mail
rPois   .          Reflect  .   (helmet restricted)
rElec   .          Harm     .   (no cloak)
rCorr   .          Rampage  .   (no gloves)
Will    .....                   (no boots)
Stlth   ..........              (no amulet)
HPRegen 0.13/turn               (no ring)
MPRegen 0.08/turn               (no ring)

@: no status effects
A: horns 2, retaliatory headbutt
a: no special abilities


You were on level 3 of the Dungeon.
You visited 1 branch of the dungeon, and saw 3 of its levels.

You collected 144 gold pieces.
You spent 55 gold pieces at shops.

Inventory:

Hand Weapons
 a - a +0 long sword (weapon)
Armour
 b - a +0 scale mail (worn)
 c - a +0 buckler (worn)
Scrolls
 e - 2 scrolls of identify {unknown}
 f - a scroll of noise {unknown}
 g - a scroll of immolation {unknown}
 h - a scroll of summoning {unknown}
 i - a scroll of enchant armour {unknown}
Potions
 d - 2 potions of might


   Skills:
 + Level 4.2 Fighting
 + Level 4.1 Long Blades
 + Level 4.3 Armour
 + Level 1.0 Dodging
 + Level 0.4 Stealth
 + Level 4.2 Shields


You had 3 spell levels left.
You didn't know any spells.
Your spell library was empty.

Dungeon Overview and Level Annotations

Branches:
Dungeon (3/15)

Altars:

Shops:
D:2 [[!*

Annotations:
D:3 Terence


Innate Abilities, Weirdness & Mutations

You have a pair of horns on your head.
You reflexively headbutt those who attack you in melee.


Message History

You barely miss the orc.
The orc is heavily wounded.
The orc hits you with a +0 flail. You block the orc's attack.
You closely miss the orc. You headbutt the orc.
You kill the orc!
You hit the orc. Your headbutt misses the orc.
The orc is lightly wounded.
The orc hits you but does no damage.
You slash the orc!
You kill the orc!
The orc priest begins to cast a cantrip, but forgets the words!
You block the orc wizard's attack.
You closely miss the orc wizard. Your headbutt misses the orc wizard.
The orc wizard casts a spell at you. The magic dart hits you!
You slash the orc wizard! You headbutt the orc wizard.
You kill the orc wizard!
Your Long Blades skill increases to level 4!
Your Dodging skill increases to level 1!
Unknown command.
You hit the orc.
The orc is lightly wounded.
The orc hits you but does no damage. The orc barely misses you.
You furiously retaliate!
You headbutt the orc!
You kill the orc!
Terence completely misses you.
Things that are here:
a +0 whip; an orc corpse You hit Terence.
Terence is moderately wounded.
Terence hits you but does no damage.
The orc priest invokes the aid of Beogh against you.
Beogh smites you! Terence hits you with a +0 falchion.
The orc priest looks braver for a moment.
You hit Terence.
Terence is heavily wounded.
Terence hits you with a +0 falchion.
The orc priest calls down the wrath of Beogh upon you.
Beogh smites you!
You die...

##.## ##...##
#.....### #.......#
##.....#.####
#######............
.........##.##.###
.......<###.#
######..# #@# #..#
#@# .... #o# ##..#


#wo #..# .J.# #..# .... #.##....#. ...... ...... . You could see Terence, an orc
priest, a dart slug, an orc and an endoplasm.

Vanquished Creatures
  An orc wizard (D:3)
  3 adders (D:2)
  A worm (D:3)
  3 dart slugs (D:1)
  3 orcs (D:3)
  2 endoplasms
  A giant cockroach (D:1)
  4 goblins
  3 hobgoblins
  4 jackals (D:1)
  A kobold (D:1)
  2 quokkas
  8 ball pythons
  5 bats
  5 frilled lizards (D:1)
  8 rats
54 creatures vanquished.

Notes
Turn   | Place    | Note
-------+----------+-------------------------------------------
     0 | D:1      | Peloso the Minotaur Fighter began the quest for the Orb.
     0 | D:1      | Reached XP level 1. HP: 19/19 MP: 0/0
    76 | D:1      | Reached XP level 2. HP: 20/27 MP: 1/1
   494 | D:1      | Reached XP level 3. HP: 32/33 MP: 2/2
   707 | D:2      | Found a faded altar of an unknown god.
   845 | D:2      | Found Wivu's Distillery.
   854 | D:2      | Bought a potion of degeneration for 11 gold pieces
   854 | D:2      | Bought a potion of might for 44 gold pieces
   871 | D:2      | Found Naelompo's Antique Armour Boutique.
   899 | D:2      | Found Corud's Armour Shop.
   905 | D:2      | Reached XP level 4. HP: 36/40 MP: 3/3
  1041 | D:2      | Found Xiczataf's Assorted Antiques.
  1439 | D:3      | Noticed Terence
  1447 | D:3      | Reached skill level 1 in Dodging
  1452 | D:3      | Killed from afar by an orc priest

Illustrated notes

Levels and vault maps discovered:
D:1:      wander_arrival_peaceful_grave, layout_rooms
D:2:      layout_loops_ring, chequers_ecumenical_altar_island, serial_shops,
          shop, nicolae_square_shop, shop, shop
D:3:      layout_loops_ring, corexii_shack, uniq_terence, uniq_jessica

Skill      XL: |  1  2  3  4 |
---------------+-------------+-----
Armour         | 4 |  4.3
Shields        | 4 |  4.2
Fighting       | 4 |  4.2
Long Blades    | 3 4 |  4.1
Dodging        | 1 |  1.0
Stealth        | |  0.4

Action                   |  1- 3 |  4- 6 || total
-------------------------+-------+-------++-------
Melee: Long sword        |    92 |    33 ||   125
       Headbutt          |    11 |     6 ||    17
Armor: Scale mail        |    53 |    17 ||    70
Dodge: Dodged            |    60 |    17 ||    77
Block: Buckler           |    26 |     7 ||    33
